 Dungeon Crawl Stone Soup version 0.30.1-9-gdf580d7c3d (webtiles) character file.

Game seed: 14459467239316709501

520 bearlyready the Ruffian (level 7, -10/57 HPs)
             Began as a Naga Transmuter on Oct 16, 2023.
             Mangled by a gnoll
             ... wielding a +0 halberd of distortion
             ... led by a gnoll sergeant
              (23 damage)
             ... on level 5 of the Dungeon.
             The game lasted 00:06:28 (4337 turns).

bearlyready the Ruffian (Naga Transmuter)           Turns: 4337, Time: 00:06:28

Health: -10/57     AC:  7    Str: 13    XL:     7   Next: 21%
Magic:  8/10       EV:  9    Int: 15    God:
Gold:   113        SH:  0    Dex: 11    Spells: 4/10 levels left

rFire   . .          .
                       - Unarmed
rCold   . . .        (no shield)
rNeg    . . .        v - +2 animal skin
rPois   +            t - +0 helmet
rElec   .            k - +0 cloak
rCorr   .            (no gloves)
SInv    +            (no barding)
Will    .....        (no amulet) Stlth
                     (no ring)
HPRegen 0.29/turn    (no ring)
MPRegen 0.12/turn

%: no passive effects
@: brilliant, silenced (expiring), weak-willed, very slow
A: AC +2, large, see invisible, deformed body, poison resistance, slowness 2,
spit poison 1, naga tail 1
a: Spit Poison


You were on level 5 of the Dungeon.
You visited 1 branch of the dungeon, and saw 5 of its levels.

You collected 173 gold pieces.
You spent 60 gold pieces at shops.

Inventory:

Missiles
 q - a throwing net
Armour
 k - a +0 cloak (worn)
 t - a +0 helmet (worn)
 v - a +2 animal skin (worn)
Wands
 u - a wand of flame (10)
Scrolls
 b - a scroll of teleportation {unknown}
 c - a scroll of vulnerability
 d - a scroll of silence
 h - 3 scrolls of identify
 i - a scroll of fog {unknown}
 m - 2 scrolls of poison {unknown}
 n - a scroll of enchant weapon {unknown}
 o - a scroll of fear
 p - a scroll of brand weapon {unknown}
 r - a scroll of amnesia {unknown}
 w - a scroll of blinking {unknown}
Potions
 e - 2 potions of flight
 f - 2 potions of mutation {unknown}
 g - a potion of brilliance
 j - a potion of magic {unknown}
 l - a potion of curing
 s - a potion of cancellation {unknown}


   Skills:
 - Level 1.0 Fighting
 - Level 1.5 Dodging
 + Level 5.5 Unarmed Combat
 - Level 2.0 Spellcasting
 + Level 5.0 Transmutations
 - Level 4.1 Poison Magic


You had 4 spell levels left.
You knew the following spells:

 Your Spells              Type           Power      Damage    Failure   Level
a - Beastly Appendage     Tmut           48%        N/A       2%          1
b - Wereblood             Tmut           24%        N/A       4%          2
c - Spider Form           Tmut/Pois      22%        N/A       10%         3

Your spell library contained the following spells:

 Spells                   Type           Power      Damage    Failure   Level
 Ice Form                 Ice/Tmut       13%        N/A       61%         4


Dungeon Overview and Level Annotations

Branches:
Dungeon (5/15)
 Temple: D:4-7

Altars:
Okawaru

Shops:
D:3 ?

Annotations:
D:5 1 runed translucent door, Nedac819's ghost, weakling HODe


Innate Abilities, Weirdness & Mutations

Your serpentine skin is tough. (AC +2)
You have supernaturally acute eyesight. (SInv)
Armour fits poorly on your strangely shaped body.
Your system is resistant to poisons. (rPois)
You cover ground very slowly.
You can spit poison.
You have a snake-like lower body.


Message History

Aiming: Spit Poison (1% risk of failure)
Press: ? - help, Shift-Dir - straight line, f - gnoll sergeant
Aim: a gnoll sergeant, wielding a +0 trident, wearing a +0 scale mail and wearing a +0 kite shield (silenced, weak-willed, 75% to hit)
The gnoll sergeant blocks the splash of poison.
The gnoll sergeant hits you from afar with a +0 trident!
The gnoll sergeant hits you but does no damage.
You have got your breath back.
The gnoll sergeant closely misses you.
Okay, then.
The gnoll sergeant hits you from afar with a +0 trident.
Aiming: Spit Poison (1% risk of failure)
Press: ? - help, Shift-Dir - straight line, f/p - gnoll sergeant
Aim: a gnoll sergeant, wielding a +0 trident, wearing a +0 scale mail and wearing a +0 kite shield (weak-willed, 75% to hit)
The splash of poison hits the gnoll sergeant.
The gnoll sergeant is lightly wounded.
The gnoll sergeant hits you from afar with a +0 trident.
* * * LOW HITPOINT WARNING * * *
It was a potion of brilliance.
You feel clever all of a sudden.
The gnoll sergeant hits you from afar with a +0 trident.
* * * LOW HITPOINT WARNING * * *
Okay, then.
Magic scrolls do not work when you're silenced!
Unknown command.
You have got your breath back.
The gnoll sergeant hits you from afar with a +0 trident.
* * * LOW HITPOINT WARNING * * *
The gnoll closely misses you.
Magic scrolls do not work when you're silenced!
Magic scrolls do not work when you're silenced!
You feel better.
The gnoll sergeant hits you from afar with a +0 trident.
* * * LOW HITPOINT WARNING * * *
The gnoll barely misses you.
Magic scrolls do not work when you're silenced!
You feel better.
The gnoll hits you from afar with a +0 halberd of distortion.
* * * LOW HITPOINT WARNING * * *
Space warps horribly around you!!
You die...

..## ...# .#.#
.#.###.#.#
.<>......#
##################
gg.g.g..##..gg.g.#
.######.##.#####.#
.# #..g....gg.@#
.# #..##.#######
.# #..##... .#
#..###### .# #...
.# #.## #. #.


You could see a gnoll sergeant (weak-willed) and 2 gnolls.

Vanquished Creatures
  An ice beast (D:3)
  A scorpion (D:5)
  Crazy Yiuf (D:4)
  An orc priest (D:4)
  2 hounds (D:4)
  An iguana (D:4)
  Ijyb (D:4)
  2 orc wizards (D:4)
  Robin (D:4)
  6 adders
  2 worms
  6 orcs
  4 bats
  5 endoplasms
  3 giant cockroaches (D:4)
  8 goblins
  8 hobgoblins
  4 jackals
  5 kobolds
  3 quokkas (D:1)
  7 ball pythons
  10 frilled lizards
  3 rats
85 creatures vanquished.

Notes
Turn   | Place    | Note
-------+----------+-------------------------------------------
     0 | D:1      | bearlyready the Naga Transmuter began the quest for the
                  | Orb.
     0 | D:1      | Reached XP level 1. HP: 18/18 MP: 3/3
   220 | D:1      | Reached XP level 2. HP: 25/25 MP: 5/5
   825 | D:2      | Reached XP level 3. HP: 23/31 MP: 6/6
   828 | D:2      | Learned a level 2 spell: Wereblood
   832 | D:2      | Learned a level 3 spell: Spider Form
  1052 | D:2      | Reached XP level 4. HP: 14/38 MP: 3/7
  1749 | D:3      | Found Nium's Magic Scroll Emporium.
  1766 | D:3      | Bought a scroll of fear for 40 gold pieces
  1766 | D:3      | Bought a scroll of identify for 20 gold pieces
  1994 | D:3      | Noticed an ice beast
  2008 | D:3      | Killed an ice beast
  2009 | D:3      | Reached XP level 5. HP: 44/44 MP: 2/8
  2230 | D:3      | Found an iron altar of Okawaru.
  2523 | D:4      | Reached XP level 6. HP: 26/51 MP: 5/9
  2850 | D:4      | Reached skill level 5 in Unarmed Combat
  3284 | D:4      | Found a runed translucent door.
  3285 | D:4      | Noticed Crazy Yiuf
  3583 | D:4      | Noticed Ijyb
  3584 | D:4      | Noticed Robin
  3919 | D:4      | Killed Ijyb
  3928 | D:4      | Killed Robin
  3989 | D:4      | Reached XP level 7. HP: 57/57 MP: 10/10
  4117 | D:4      | Killed Crazy Yiuf
  4228 | D:5      | Entered Level 5 of the Dungeon
  4300 | D:5      | Reached skill level 5 in Transmutations
  4306 | D:5      | Found a runed translucent door.
  4307 | D:5      | Noticed Nedac819's ghost (weakling HODe)
  4337 | D:5      | Mangled by a gnoll

Illustrated notes

Levels and vault maps discovered:
D:1:      ebering_hopf_link, layout_loops_cross, minmay_tetromino_s4
D:2:      cheibrodos_old_hovel, layout_basic, nrook_campfire, minivault_4
D:3:      layout_loops_cross, lemuel_doored_altar, serial_shops,
          nicolae_square_shop, minmay_misc_feat_x, corexii_leaking_fountain
D:4:      layout_gridville, nicolae_goblin_pals, uniq_crazy_yiuf_cottage
D:5:      layout_basic, gammafunk_ghost_grave, nrook_loot_triangle,
          uniq_eustachio, uniq_grinder

Skill      XL: |  1  2  3  4  5  6  7 |
---------------+----------------------+-----
Transmutations | 3 4 5 |  5.0
Unarmed Combat | 4 5 |  5.5
Poison Magic   | 2 3 4 |  4.1
Fighting       | |  1.0
Dodging        | |  1.5
Spellcasting   | |  2.0

Action                     |  1- 3 |  4- 6 |  7- 9 || total
---------------------------+-------+-------+-------++-------
  Melee: Unarmed           |    97 |   223 |    15 ||   335
         Headbutt          |       |     1 |       ||     1
         Punch             |       |     1 |       ||     1
   Cast: Spider Form       |     1 |     6 |     3 ||    10
         Wereblood         |       |     4 |     2 ||     6
         Beastly Appendage |       |     1 |       ||     1
Ability: Spit Poison       |     4 |     7 |     2 ||    13
    Use: Potion            |       |     2 |     3 ||     5
         Scroll            |       |       |     2 ||     2
   Stab: Sleeping          |     2 |     1 |       ||     3
 Armour: Robe              |    12 |    50 |       ||    62
         Skin              |     2 |    11 |     1 ||    14
         Animal skin       |       |       |     3 ||     3
  Dodge: Dodged            |    55 |   141 |    19 ||   215
